[Event "Niedersachsen-ch A 2024"]
[Site "Verden Aller"]
[Date "2024.01.07"]
[Round "7.20"]
[White "Ehlert, Horst"]
[Black "Moeller, Tom"]
[Result "1-0"]
[ECO "D00"]
[WhiteElo "1940"]
[BlackElo "1677"]
[Annotator "RC"]
[PlyCount "55"]
[EventDate "2024.01.01"]
[EventType "swiss"]
[EventCountry "GER"]
[SourceTitle "playchess.com"]
[Source "ChessBase"]
[SourceQuality "1"]
[TimeControl "40/5400+30:1800+30"]

1. d4 d5 2. Nf3 c6 3. Bg5 f6 4. Bf4 Bg4 5. Nbd2 Bxf3 6. Nxf3 f5 7. e3 Nf6 8. Bd3 Ne4 9. Ne5 g6 10. Bxe4 fxe4 11. h4 Nd7 12. h5 Nxe5 13. Bxe5 Rg8 14. hxg6 hxg6 15. Qg4 Qd7 16. Qg3 O-O-O 17. Rh7 b6 18. O-O-O Qe8 19. Qg4+ Qd7 20. Qg3 Qe8 21. f3 exf3 22. Qxf3 Rd7 23. Rf1 e6 24. Rxd7 Kxd7 25. Qe2 Bh6 26. Qa6 Bxe3+ 27. Kb1 Qd8 28. Qb7+ 1-0

[Event "Niedersachsen-ch A 2024"]
[Site "Verden Aller"]
[Date "2024.01.07"]
[Round "7.21"]
[White "Gottschalk, Siegfried"]
[Black "Hoke, Joshua"]
[Result "1/2-1/2"]
[ECO "D36"]
[WhiteElo "1939"]
[BlackElo "1600"]
[Annotator "RC"]
[PlyCount "103"]
[EventDate "2024.01.01"]
[EventType "swiss"]
[EventCountry "GER"]
[SourceTitle "playchess.com"]
[Source "ChessBase"]
[SourceQuality "1"]
[TimeControl "40/5400+30:1800+30"]

1. c4 Nf6 2. Nc3 e6 3. d4 d5 4. cxd5 exd5 5. Bg5 Be7 6. e3 Nbd7 7. Bd3 O-O 8. Qc2 c6 9. Nge2 Re8 10. O-O Ne4 11. Bf4 Nxc3 12. Nxc3 Nf8 13. a3 Bd6 14. Bxd6 Qxd6 15. b4 a6 16. Qb3 Re6 17. Ne2 Rh6 18. Ng3 Bd7 19. Qc2 g6 20. Qd2 Kg7 21. e4 dxe4 22. Bxe4 Re8 23. f4 Rh4 24. Qf2 Qf6 25. d5 cxd5 26. Bxd5 Bb5 27. Ne4 Rxe4 28. Bxe4 Bxf1 29. Rxf1 b6 30. g3 Rh5 31. Bf3 Rf5 32. Bb7 a5 33. g4 Rb5 34. Qe2 Qd4+ 35. Kg2 Qd7 36. Qe4 Qxg4+ 37. Kh1 Qe6 38. Bc6 Rf5 39. Qd4+ Qf6 40. Qxb6 axb4 41. axb4 Rxf4 42. Rxf4 Qxf4 43. b5 Ne6 44. Kg2 Qg4+ 45. Kf1 Qd1+ 46. Kf2 Qd4+ 47. Qxd4+ Nxd4 48. Ke3 Nxb5 49. Bxb5 f5 50. Kf3 Kf6 51. h4 h6 52. Kf4 1/2-1/2

[Event "Niedersachsen-ch A 2024"]
[Site "Verden Aller"]
[Date "2024.01.07"]
[Round "7.22"]
[White "Hesse, Juergen"]
[Black "Stein, Luis"]
[Result "1/2-1/2"]
[ECO "B13"]
[WhiteElo "1931"]
[BlackElo "1762"]
[Annotator "NA RC"]
[PlyCount "40"]
[EventDate "2024.01.01"]
[EventType "swiss"]
[EventCountry "GER"]
[SourceTitle "playchess.com"]
[Source "ChessBase"]
[SourceQuality "1"]
[TimeControl "40/5400+30:1800+30"]

1. e4 c6 2. d4 d5 3. exd5 cxd5 4. Bd3 Nc6 5. c3 Nf6 6. Bf4 g6 7. Nf3 Bf5 8. Bxf5 gxf5 9. O-O e6 10. Nbd2 Bd6 11. Bxd6 Qxd6 12. Re1 Ne4 13. Ne5 Nxe5 14. dxe5 Qc5 15. Qe2 Nxd2 16. Qxd2 O-O-O 17. Rad1 Rhg8 18. Qd4 Qc6 19. f3 Kb8 20. Rd2 Rc8 1/2-1/2

[Event "Niedersachsen-ch A 2024"]
[Site "Verden Aller"]
[Date "2024.01.07"]
[Round "7.23"]
[White "Kieselbach, Marvin"]
[Black "Wilmink, Anna"]
[Result "1/2-1/2"]
[ECO "E05"]
[WhiteElo "1926"]
[BlackElo "1822"]
[Annotator "RC"]
[PlyCount "44"]
[EventDate "2024.01.01"]
[EventType "swiss"]
[EventCountry "GER"]
[SourceTitle "playchess.com"]
[Source "ChessBase"]
[SourceQuality "1"]
[TimeControl "40/5400+30:1800+30"]

1. d4 Nf6 2. Nf3 d5 3. c4 e6 4. g3 dxc4 5. Bg2 Nbd7 6. O-O Be7 7. Qc2 a6 8. a4 O-O 9. Rd1 Rb8 10. Ne5 Nd5 11. Nxc4 Nb4 12. Qc3 b5 13. axb5 axb5 14. Na5 Nb6 15. Nc6 Nxc6 16. Bxc6 Bb7 17. Bxb7 Rxb7 18. Qc6 Qd5 19. Qxd5 Nxd5 20. Nc3 c6 21. Nxd5 cxd5 22. Bd2 Rc8 1/2-1/2

[Event "Niedersachsen-ch A 2024"]
[Site "Verden Aller"]
[Date "2024.01.07"]
[Round "7.24"]
[White "Aden, Keno"]
[Black "Reins, Henning"]
[Result "1-0"]
[ECO "A49"]
[WhiteElo "1832"]
[BlackElo "1950"]
[Annotator "RC"]
[PlyCount "73"]
[EventDate "2024.01.01"]
[EventType "swiss"]
[EventCountry "GER"]
[SourceTitle "playchess.com"]
[Source "ChessBase"]
[SourceQuality "1"]
[TimeControl "40/5400+30:1800+30"]

1. d4 Nf6 2. Nf3 g6 3. g3 Bg7 4. Bg2 O-O 5. O-O d6 6. b3 c5 7. Bb2 cxd4 8. Nxd4 Qb6 9. Nd2 Bd7 10. c4 Nc6 11. N2f3 Rad8 12. e3 Rfe8 13. Qe2 Qa5 14. h3 e5 15. Nb5 e4 16. Nfd4 Bc8 17. Nxc6 bxc6 18. Nd4 Qb6 19. Rfd1 d5 20. cxd5 Rxd5 21. Bf1 Rh5 22. Rac1 Bxh3 23. Bxh3 Rxh3 24. Kg2 Rh5 25. Nxc6 Rc5 26. Bd4 Qxc6 27. Rxc5 Qb7 28. Rdc1 h5 29. Rc7 Qd5 30. R1c5 Qe6 31. R5c6 Qf5 32. Rc5 Nd5 33. Bxg7 Kxg7 34. Qb2+ Re5 35. Rxd5 Qf3+ 36. Kg1 Kh6 37. Qxe5 1-0

[Event "Niedersachsen-ch A 2024"]
[Site "Verden Aller"]
[Date "2024.01.07"]
[Round "7.25"]
[White "Carsten, Juergen"]
[Black "Arndt, Felix"]
[Result "1/2-1/2"]
[ECO "B09"]
[WhiteElo "1749"]
[BlackElo "1901"]
[Annotator "NA RC"]
[PlyCount "51"]
[EventDate "2024.01.01"]
[EventType "swiss"]
[EventCountry "GER"]
[SourceTitle "playchess.com"]
[Source "ChessBase"]
[SourceQuality "1"]
[TimeControl "40/5400+30:1800+30"]

1. e4 d6 2. d4 Nf6 3. Nc3 c6 4. f4 Bg4 5. Nf3 g6 6. Be2 Bg7 7. O-O O-O 8. h3 Bxf3 9. Bxf3 e5 10. Be3 Qc7 11. fxe5 dxe5 12. d5 cxd5 13. exd5 Na6 14. d6 Qd7 15. Ne4 Nxe4 16. Bxe4 Nb4 17. c3 Nc6 18. Bd5 Rad8 19. Bc5 b6 20. Ba3 Na5 21. Qf3 b5 22. Qe4 Rc8 23. Rf3 Nc4 24. Rd1 Nxa3 25. bxa3 Kh8 26. Qb4 1/2-1/2

[Event "Niedersachsen-ch A 2024"]
[Site "Verden Aller"]
[Date "2024.01.07"]
[Round "7.26"]
[White "Langer, Michael S."]
[Black "Schramm, Kilian"]
[Result "0-1"]
[ECO "A15"]
[WhiteElo "1888"]
[BlackElo "1729"]
[Annotator "NA RC"]
[PlyCount "74"]
[EventDate "2024.01.01"]
[EventType "swiss"]
[EventCountry "GER"]
[SourceTitle "playchess.com"]
[Source "ChessBase"]
[SourceQuality "1"]
[TimeControl "40/5400+30:1800+30"]

1. Nf3 Nf6 2. c4 b6 3. g3 Bb7 4. Bg2 e6 5. O-O Be7 6. d3 O-O 7. a3 c5 8. Nbd2 d5 9. Rb1 Nc6 10. Re1 d4 11. Ne5 Qc7 12. Nxc6 Bxc6 13. Bxc6 Qxc6 14. Nf3 Bd6 15. Bg5 Nd7 16. b4 f6 17. b5 Qb7 18. Bd2 f5 19. a4 Qc7 20. e3 dxe3 21. fxe3 Rf6 22. Bc3 Rg6 23. Nh4 Rg4 24. Ng2 h5 25. Qf3 Rd8 26. Kh1 Be5 27. d4 Bf6 28. Nf4 Kf7 29. Rbc1 Qd6 30. Nxh5 cxd4 31. Nxf6 Nxf6 32. Bxd4 Ne4 33. Kg2 Rh8 34. Rh1 Rh3 35. Qd1 Rgxg3+ 36. Kf1 Rf3+ 37. Ke1 Nf2 0-1

[Event "Niedersachsen-ch A 2024"]
[Site "Verden Aller"]
[Date "2024.01.07"]
[Round "7.27"]
[White "Buecklers, Martin"]
[Black "Hoke, Adrian"]
[Result "0-1"]
[ECO "C54"]
[WhiteElo "1877"]
[BlackElo "1765"]
[Annotator "NA RC"]
[PlyCount "58"]
[EventDate "2024.01.01"]
[EventType "swiss"]
[EventCountry "GER"]
[SourceTitle "playchess.com"]
[Source "ChessBase"]
[SourceQuality "1"]
[TimeControl "40/5400+30:1800+30"]

1. e4 e5 2. Nf3 Nc6 3. Bc4 Bc5 4. c3 Nf6 5. d3 d6 6. Nbd2 O-O 7. h3 a6 8. a4 Be6 9. Bxe6 fxe6 10. b4 Ba7 11. O-O Qd7 12. Qb3 Nh5 13. Nc4 Nf4 14. Bxf4 Rxf4 15. b5 Ne7 16. b6 cxb6 17. Nxb6 Bxb6 18. Qxb6 Nc8 19. Qe3 Rf7 20. Rfb1 b6 21. Rb4 Ra7 22. Rab1 Qc6 23. d4 exd4 24. Nxd4 Qe8 25. c4 Rac7 26. Qe2 Qd7 27. Qg4 a5 28. R4b3 Rxc4 29. Nxe6 h5 0-1

[Event "Niedersachsen-ch A 2024"]
[Site "Verden Aller"]
[Date "2024.01.07"]
[Round "7.28"]
[White "Schiller, Jan-Hendrik"]
[Black "Rausch, Darius"]
[Result "1-0"]
[ECO "E61"]
[WhiteElo "1881"]
[BlackElo "1742"]
[Annotator "NA RC"]
[PlyCount "75"]
[EventDate "2024.01.01"]
[EventType "swiss"]
[EventCountry "GER"]
[SourceTitle "playchess.com"]
[Source "ChessBase"]
[SourceQuality "1"]
[TimeControl "40/5400+30:1800+30"]

1. d4 Nf6 2. Nf3 g6 3. c4 Bg7 4. e3 O-O 5. Be2 d6 6. Nc3 Nbd7 7. O-O e5 8. Qc2 Re8 9. b4 e4 10. Nd2 Qe7 11. a4 Nf8 12. a5 h5 13. Bb2 N8h7 14. Rfc1 Bf5 15. a6 b6 16. Nd5 Nxd5 17. cxd5 Nf6 18. Bb5 Ng4 19. Bxe8 Rxe8 20. h3 Qh4 21. hxg4 hxg4 22. g3 Qh3 23. Qc4 Bf6 24. Qf1 Qh5 25. Rxc7 Kg7 26. Rxa7 Rh8 27. Qg2 Bg5 28. Rc1 Qh6 29. Nf1 Kf6 30. Rcc7 Rh7 31. Rab7 b5 32. a7 Bxe3 33. fxe3 Kg5 34. a8=Q f6 35. Rxh7 Qxh7 36. Rxh7 Bc8 37. Qxc8 f5 38. Qd8# 1-0

[Event "Niedersachsen-ch A 2024"]
[Site "Verden Aller"]
[Date "2024.01.07"]
[Round "7.30"]
[White "Bisa, Gani"]
[Black "Stummeyer, Dieter"]
[Result "0-1"]
[ECO "D37"]
[WhiteElo "1931"]
[BlackElo "1804"]
[Annotator "NA RC"]
[PlyCount "44"]
[EventDate "2024.01.01"]
[EventType "swiss"]
[EventCountry "GER"]
[SourceTitle "playchess.com"]
[Source "ChessBase"]
[SourceQuality "1"]
[TimeControl "40/5400+30:1800+30"]

1. d4 Nf6 2. c4 e6 3. Nf3 d5 4. Nc3 Be7 5. a4 Nbd7 6. g3 c5 7. cxd5 exd5 8. dxc5 Nxc5 9. Bg2 O-O 10. O-O Bf5 11. Bg5 Nce4 12. Qb3 Qd7 13. Rad1 Nxc3 14. bxc3 Be6 15. Nd4 Rac8 16. Rc1 Rc4 17. Rfd1 Rfc8 18. Rd3 h6 19. Bd2 Ne4 20. Be1 Nc5 21. Qb5 Nxd3 22. Rb1 Nxe1 0-1

[Event "Niedersachsen-ch A 2024"]
[Site "Verden Aller"]
[Date "2024.01.07"]
[Round "7.32"]
[White "Zweigait, Leon"]
[Black "Vormann, Dirk"]
[Result "1/2-1/2"]
[ECO "C42"]
[WhiteElo "1526"]
[BlackElo "1854"]
[Annotator "NA RC"]
[PlyCount "44"]
[EventDate "2024.01.01"]
[EventType "swiss"]
[EventCountry "GER"]
[SourceTitle "playchess.com"]
[Source "ChessBase"]
[SourceQuality "1"]
[TimeControl "40/5400+30:1800+30"]

1. e4 e5 2. Nf3 Nf6 3. Nxe5 d6 4. Nf3 Nxe4 5. Bc4 Be7 6. O-O O-O 7. Re1 Nc5 8. d4 Ncd7 9. Qe2 Bf6 10. Bf4 Nb6 11. Bb3 Nc6 12. c3 d5 13. Qd3 g6 14. Nbd2 Bf5 15. Qe2 Na5 16. Bh6 Re8 17. Qxe8+ Qxe8 18. Rxe8+ Rxe8 19. Bf4 c6 20. Bc7 Nxb3 21. axb3 Nc8 22. Re1 Rxe1+ 1/2-1/2

[Event "Niedersachsen-ch A 2024"]
[Site "Verden Aller"]
[Date "2024.01.07"]
[Round "7.33"]
[White "Kozik, Andreas"]
[Black "Moerke, Niklas"]
[Result "1/2-1/2"]
[ECO "D00"]
[WhiteElo "1912"]
[BlackElo "1800"]
[Annotator "RC"]
[PlyCount "109"]
[EventDate "2024.01.01"]
[EventType "swiss"]
[EventCountry "GER"]
[SourceTitle "playchess.com"]
[Source "ChessBase"]
[SourceQuality "1"]
[TimeControl "40/5400+30:1800+30"]

1. d4 d5 2. Bf4 Bf5 3. e3 Nf6 4. c4 e6 5. Nc3 Nbd7 6. Qb3 dxc4 7. Bxc4 Nb6 8. Be2 Nfd5 9. Bg3 Nxc3 10. bxc3 Bd6 11. Nf3 O-O 12. O-O Bxg3 13. hxg3 Rc8 14. Rfd1 h6 15. a4 a5 16. Ne5 Qe7 17. Bd3 Bxd3 18. Nxd3 Rb8 19. c4 Nd7 20. c5 b6 21. cxb6 cxb6 22. Rac1 Rfc8 23. Rc3 Rxc3 24. Qxc3 Nf6 25. Qb3 Qd6 26. Rc1 Rb7 27. Rc8+ Kh7 28. Qc2 g6 29. Ne5 Kg7 30. Rc6 Qe7 31. Nc4 Nd5 32. Rc8 Rc7 33. Rxc7 Qxc7 34. Qb3 Nb4 35. Kh2 h5 36. Kg1 Qc6 37. Kh2 Qd5 38. Qc3 Na2 39. Qc2 b5 40. axb5 Nb4 41. Qc3 Qxb5 42. d5+ Kh7 43. dxe6 fxe6 44. Nd6 Qc6 45. Qe5 Qd5 46. Qf4 e5 47. Qf6 Qg8 48. Ne4 Qg7 49. Ng5+ Kh6 50. Nf7+ Kh7 51. Ng5+ Kh6 52. Nf7+ Kh7 53. Ng5+ Kh6 54. Nf7+ Kh7 55. Ng5+ 1/2-1/2

[Event "Niedersachsen-ch A 2024"]
[Site "Verden Aller"]
[Date "2024.01.07"]
[Round "7.35"]
[White "Behn, Cord"]
[Black "Tenne, Fabian"]
[Result "1/2-1/2"]
[ECO "A27"]
[WhiteElo "1837"]
[BlackElo "1817"]
[Annotator "NA RC"]
[PlyCount "23"]
[EventDate "2024.01.01"]
[EventType "swiss"]
[EventCountry "GER"]
[SourceTitle "playchess.com"]
[Source "ChessBase"]
[SourceQuality "1"]
[TimeControl "40/5400+30:1800+30"]

1. c4 e5 2. Nc3 Bc5 3. e3 Nc6 4. Nf3 Nf6 5. d4 exd4 6. exd4 Qe7+ 7. Be2 Bb4 8. Bd2 d6 9. O-O O-O 10. Re1 Bg4 11. a3 Bxc3 12. Bxc3 1/2-1/2

[Event "Niedersachsen-ch A 2024"]
[Site "Verden Aller"]
[Date "2024.01.07"]
[Round "7.36"]
[White "Poelig, Juergen"]
[Black "Trunz, Tamila"]
[Result "1-0"]
[ECO "A08"]
[WhiteElo "1819"]
[BlackElo "1766"]
[Annotator "NA RC"]
[PlyCount "87"]
[EventDate "2024.01.01"]
[EventType "swiss"]
[EventCountry "GER"]
[SourceTitle "playchess.com"]
[Source "ChessBase"]
[SourceQuality "1"]
[TimeControl "40/5400+30:1800+30"]

1. e4 c5 2. Nf3 e6 3. d3 Nc6 4. g3 g6 5. Bg2 Bg7 6. O-O Nge7 7. c3 O-O 8. Re1 d5 9. Nbd2 b6 10. Qc2 Bb7 11. Nf1 Rc8 12. h4 Qd7 13. N1h2 f5 14. e5 d4 15. c4 b5 16. b3 Nb4 17. Qe2 bxc4 18. bxc4 Bc6 19. a3 Na6 20. Bf4 Nc7 21. Qd2 Na8 22. Bh6 Nb6 23. h5 Na4 24. Nh4 Bxg2 25. Kxg2 Nc3 26. N2f3 Rb8 27. Rh1 Qe8 28. hxg6 Nxg6 29. Bxg7 Kxg7 30. Qh6+ Kg8 31. Ng5 Rb7 32. Nxg6 Qxg6 33. Qxg6+ hxg6 34. Nxe6 Rc8 35. Rh6 Nb1 36. Rxg6+ Kh7 37. Rf6 Rb3 38. Nf4 a5 39. Ra6 Nxa3 40. Rxa5 Nc2 41. Rh1+ Kg8 42. Ra7 Rb2 43. Ng6 Ne3+ 44. Kf3 1-0